Map: Rhoskallian LE

Players

GymPrank

  • Race: Terran Terran
  • League: Platinum

dimka

  • Race: Protoss Protoss

Massa - Winner!

  • Race: Terran Terran
  • League: Platinum

qqq - Winner!

  • Race: Zerg Zerg

VOD

Have the link to the VOD?

Description

Time

  • Played on: April 13, 2021, 3 p.m.
  • Length: 9:45
Show
View Real Time Build Order
Export as new Build Order

GymPrank Terran 

Build Orders:  

Get SALT Encoding   

  12  0:02  SCV  
  13  0:14  SCV  
  14  0:20  Supply Depot  
  14  0:26  SCV  
  15  0:41  SCV  
  15  0:42  Refinery  
  16  0:46  Barracks  
  16  0:53  SCV  
  16  1:18  SCV  
  17  1:26  Supply Depot  
  17  1:30  SCV  
  18  1:43  Reaper, Orbital Command  
  19  2:05  Factory  
  19  2:09  Refinery  
  19  2:10  SCV  
  20  2:16  Marine  
  21  2:28  SCV  
  22  2:42  Supply Depot  
  22  2:44  SCV  
  22  2:45  Marine  
  22  2:51  Hellion  
  26  2:55  Command Center  
  26  2:56  SCV  
  27  3:12  Marine  
  28  3:21  Supply Depot  
  28  3:22  Hellion  
  28  3:26  Starport  
  30  3:37  Marine  
  31  3:41  SCV  
  32  3:51  Barracks  
  32  3:55  Factory Tech Lab  
  32  4:02  SCV  
  33  4:22  Orbital Command  
  32  4:30  Supply Depot  
  32  4:31  Marine  
  32  4:35  Factory Reactor  
  33  4:44  Barracks Reactor  
  33  4:45  Banshee  
  36  4:46  Cloaking Field  
  36  4:48  SCV  
  36  4:51  Engineering Bay  
  37  5:00  SCV  
  37  5:06  Barracks  
  38  5:09  Barracks Reactor  
  38  5:11  Orbital Command  
  38  5:13  Hellion  
  38  5:14  Hellion  
  42  5:18  SCV  
  34  5:35  Marine  
  34  5:36  Hellion, Marine  
  34  5:37  Hellion  
  40  5:47  Banshee  
  40  5:48  Orbital Command, Marine x2  
  45  5:55  Starport  
  45  5:58  Barracks Tech Lab, Hellion x2  
  49  6:15  SCV x2  
  49  6:22  Combat Shield  
  49  6:23  Marine  
  49  6:24  Marine x3  
  49  6:25  Hellion x2  
  53  6:43  SCV  
  53  6:44  SCV, Marine x2  
  57  6:48  Medivac  
  59  7:13  Marine x2  
  59  7:14  Marine x2  
  59  7:15  Hellion x2  
  64  7:16  Marauder  
  64  7:17  Banshee  
  64  7:21  Armory  
  69  7:35  Supply Depot  
  69  7:38  Supply Depot  
  69  7:39  Marine, Terran Infantry Weapons Level 1  
  69  7:41  Stimpack  
  70  7:51  Marauder, Marine x3  
  52  8:04  Starport Reactor  
  52  8:05  Medivac  
  54  8:09  SCV x2  
  56  8:24  Supply Depot  
  56  8:27  Supply Depot  
  56  8:29  Command Center  
  56  8:30  Supply Depot  
  54  8:43  Marine, Medivac x2  
  54  8:44  Marine  
  54  8:45  Marine x2  
  54  8:47  Hellbat x2  
  54  8:48  Banshee  
  66  8:51  Marauder  
  66  8:55  SCV  
  72  8:59  Refinery  
  72  9:01  Marine  
  72  9:02  Marine  
  74  9:03  Marine x2  
  58  9:21  Marine  
  58  9:22  Marine x3  
  58  9:23  Marauder  
Show
View Real Time Build Order
Export as new Build Order

dimka Protoss 

Build Orders: Zealot Archon, Dark Templar Rush 

Get SALT Encoding   

  12  0:01  Probe (Chrono Boost)  
  13  0:10  Probe (Chrono Boost)  
  14  0:20  Pylon  
  14  0:23  Probe  
  15  0:38  Probe  
  16  0:45  Gateway  
  16  0:50  Probe, Assimilator  
  16  0:55  Assimilator  
  17  1:02  Probe  
  18  1:14  Probe (Chrono Boost)  
  20  1:25  Probe (Chrono Boost)  
  20  1:30  Probe (Chrono Boost)  
  21  1:34  Cybernetics Core  
  21  1:40  Pylon  
  21  1:41  Probe  
  22  1:53  Probe  
  23  2:05  Probe  
  24  2:12  Twilight Council, Warp Gate (Chrono Boost)  
  24  2:17  Probe  
  25  2:29  Probe  
  25  2:33  Adept  
  27  2:41  Probe  
  28  2:53  Probe  
  28  2:54  Dark Shrine  
  26  3:13  Probe  
  27  3:20  Gateway  
  27  3:25  Pylon  
  27  3:35  Probe  
  28  3:43  Gateway  
  28  3:44  Gateway  
  28  3:49  Pylon  
  28  3:51  Probe  
  29  4:03  Probe  
  29  4:07  Dark Templar  
  32  4:22  Dark Templar  
  30  4:34  Pylon  
  30  4:41  Probe  
  29  5:05  Probe  
  30  5:07  Charge (Chrono Boost)  
  28  5:17  Probe  
  28  5:18  Nexus  
  28  5:29  Probe  
  29  5:36  Dark Templar x4  
  29  5:41  Probe  
  36  5:45  Archon x2  
  36  5:54  Probe  
  37  6:06  Probe  
  37  6:07  Nexus  
  38  6:18  Probe  
  39  6:30  Probe  
  39  6:32  Zealot x4  
  40  6:42  Probe  
  40  6:46  Pylon  
  41  6:48  Robotics Facility  
  41  6:54  Probe  
  42  7:05  Zealot x4  
  42  7:06  Probe  
  51  7:18  Probe  
  51  7:20  Probe  
  53  7:40  Dark Templar  
  53  7:42  Zealot x3  
  45  8:03  Dark Templar x2  
  45  8:04  Dark Templar  
  49  8:12  Probe x2  
  45  8:19  Stalker  
  40  8:31  Probe  
  41  8:34  Probe  
  41  8:39  Stalker x3  
  48  8:43  Probe  
  48  8:48  Probe  
  50  8:55  Probe  
  51  8:57  Pylon  
  51  8:59  Stalker  
  51  9:01  Probe  
Show
View Real Time Build Order
Export as new Build Order

Massa Terran - Winner!

Build Orders:  

Get SALT Encoding   

  12  0:00  SCV  
  13  0:12  SCV  
  14  0:22  Supply Depot  
  14  0:24  SCV  
  15  0:30  Refinery  
  15  0:44  SCV  
  15  0:46  Barracks  
  16  0:56  SCV  
  17  1:04  Barracks  
  17  1:08  SCV  
  18  1:17  Refinery  
  18  1:20  SCV  
  19  1:33  Orbital Command  
  19  1:38  Reaper  
  20  1:46  Supply Depot  
  20  1:50  Reaper  
  21  1:59  SCV  
  22  2:10  Reaper  
  22  2:11  SCV  
  24  2:23  Reaper, SCV, Supply Depot  
  26  2:42  Reaper  
  27  2:47  Command Center  
  24  3:27  Barracks Tech Lab  
  24  3:31  SCV  
  24  3:32  Barracks Reactor  
  25  3:36  Engineering Bay  
  25  3:43  SCV  
  25  3:46  Factory  
  25  3:47  Supply Depot  
  26  3:54  Marine, Stimpack  
  27  4:03  Command Center  
  27  4:04  Orbital Command  
  27  4:07  SCV  
  27  4:09  Marine  
  29  4:12  Marine  
  28  4:39  Marauder, Marine x2  
  27  4:56  Marine x2  
  29  5:00  Marauder  
  30  5:13  Factory Tech Lab  
  30  5:14  SCV x2, Marine x2  
  30  5:17  SCV  
  35  5:22  Marauder  
  35  5:26  SCV  
  35  5:27  SCV  
  39  5:29  Missile Turret  
  39  5:32  Missile Turret  
  39  5:36  Combat Shield  
  39  5:38  Widow Mine  
  39  5:39  Marine  
  42  5:43  Marauder  
  44  5:54  Terran Infantry Weapons Level 1  
  44  5:55  Starport  
  44  6:00  Barracks  
  44  6:05  Barracks  
  44  6:09  Widow Mine  
  46  6:16  Missile Turret  
  38  6:41  Marine x2  
  38  6:42  Marine  
  38  6:43  Cyclone  
  41  6:55  Starport Tech Lab  
  41  6:56  Barracks Tech Lab  
  41  6:57  Barracks Reactor  
  41  6:59  Marine x2  
  41  7:00  Marine  
  43  7:16  Marauder  
  43  7:17  Marine x2  
  43  7:18  Marine  
  43  7:19  Concussive Shells  
  48  7:26  Widow Mine  
  50  7:33  Raven  
  50  7:36  Marauder  
  54  7:37  SCV  
  54  8:12  SCV  
  54  8:13  SCV x2, Armory  
  54  8:16  Medivac  
  58  8:25  SCV x2  
  55  8:45  Marauder x2, Marine  
  55  8:46  Marine x3  
  63  8:53  Medivac  
  65  9:03  Marine x3  
  65  9:04  Marine  
  65  9:07  Marauder x2  
Show
View Real Time Build Order
Export as new Build Order

qqq Zerg - Winner!

Build Orders: Hatch First 

Get SALT Encoding   

  12  0:01  Drone  
  13  0:09  Drone  
  14  0:18  Overlord  
  14  0:46  Hatchery  
  13  0:53  Drone x2  
  15  1:19  Drone x3  
  18  1:27  Extractor, Spawning Pool  
  16  1:35  Drone  
  17  1:49  Drone  
  17  1:52  Drone  
  19  1:59  Drone  
  20  2:04  Drone  
  21  2:11  Drone  
  21  2:14  Drone  
  23  2:15  Queen  
  23  2:16  Queen  
  23  2:22  Overlord  
  27  2:26  Drone  
  28  2:41  Drone x2  
  28  2:42  Zergling x2  
  30  2:51  Zergling x2  
  30  2:52  Zergling x2  
  30  2:54  Metabolic Boost  
  30  2:58  Zergling x2  
  33  3:03  Evolution Chamber  
  33  3:04  Zergling x2  
  33  3:07  Zergling x2  
  34  3:13  Lair  
  34  3:15  Zergling x2  
  34  3:18  Spore Crawler  
  34  3:19  Spore Crawler  
  34  3:20  Zergling x2  
  34  3:25  Zergling x2  
  35  3:28  Zergling x2  
  35  3:30  Overlord  
  36  3:36  Overlord  
  36  3:44  Overlord  
  36  3:51  Zerg Melee Weapons Level 1  
  36  3:54  Overlord  
  36  3:57  Drone  
  36  3:59  Drone  
  38  4:03  Zergling x2  
  38  4:06  Zergling x2  
  40  4:24  Overseer  
  40  4:27  Zergling x2  
  40  4:28  Drone x3  
  40  4:29  Drone x3  
  40  4:31  Drone  
  48  5:03  Drone x5  
  48  5:04  Drone x5  
  58  5:13  Overseer  
  54  5:43  Zergling x2  
  54  5:44  Drone x2, Zergling x8  
  54  5:45  Zergling x4  
  63  5:54  Extractor x2  
  60  6:04  Spire  
  60  6:06  Extractor  
  60  6:07  Hatchery  
  60  6:09  Drone x5  
  62  6:19  Drone  
  62  6:27  Zergling x4  
  62  6:32  Drone  
  55  6:45  Drone x2  
  57  7:17  Mutalisk x4  
  65  7:27  Spine Crawler  
  65  7:29  Mutalisk  
  66  7:30  Zergling x2  
  66  7:31  Drone x3, Zergling x4  
  66  7:35  Extractor  
  66  7:36  Extractor  
  70  7:42  Infestation Pit  
  69  7:49  Mutalisk  
  65  8:02  Mutalisk  
  65  8:03  Zergling x2  
  65  8:04  Zergling x16  
  65  8:05  Zergling x2  
  72  8:06  Queen  
  72  8:10  Drone  
  73  8:28  Drone  
  73  8:29  Overlord x6  
  73  8:30  Overlord x3  
  74  8:41  Overlord x2  
  74  8:47  Queen  
  76  8:49  Spore Crawler  
  76  8:51  Spine Crawler  
  76  8:54  Mutalisk, Corruptor x2  
  76  8:55  Mutalisk x3  
  84  8:58  Zergling x8  
  84  8:59  Zergling x2  
  88  9:13  Zergling x8  
Tags
 
Add a new tag
Caveats
  • Supply blocks, unpowered buildings, or Contaminate may cause inaccurate times.
  • Supply counts are checked every 10 seconds.